 Dungeon Crawl Stone Soup version 0.29.1-12-g30fa7ad0bf (webtiles) character file.

Game seed: 12959702213718616935

102 safid the Shooter (level 4, 0/38 HPs)
             Began as a Minotaur Hunter on Dec 14, 2022.
             Slain by an orc
             ... wielding a +0 dagger
              (1 damage)
             ... on level 3 of the Dungeon.
             The game lasted 00:02:53 (1568 turns).

safid the Shooter (Minotaur Hunter)                 Turns: 1568, Time: 00:02:54

Health: 0/38       AC:  3    Str: 15    XL:     4   Next: 50%
Magic:  3/3        EV: 13    Int:  6    God:
Gold:   147        SH:  0    Dex: 16    Spells: 3/3 levels left

rFire   . . .      SeeInvis .   a - +0 shortbow
rCold   + . .      Faith    .   (shield currently unavailable)
rNeg    . . .      Spirit   .   c - +0 leather armour
rPois   .          Reflect  .   (helmet restricted)
rElec   .          Harm     .   (no cloak)
rCorr   .          Rampage  .   (no gloves)
Will    .....                   (no boots)
Stlth   ++........              (no amulet)
HPRegen 0.12/turn               o - ring of protection from cold
MPRegen 0.08/turn               (no ring)

@: flying
A: horns 2, retaliatory headbutt
a: no special abilities


You were on level 3 of the Dungeon.
You visited 1 branch of the dungeon, and saw 3 of its levels.

You collected 147 gold pieces.

Inventory:

Hand Weapons
 a - a +0 shortbow (weapon)
Armour
 c - a +0 leather armour (worn)
Jewellery
 o - a ring of protection from cold (left hand)
Scrolls
 b - a scroll of immolation
 d - a scroll of fear {unknown}
 f - a scroll of fog {unknown}
 h - a scroll of silence {unknown}
 i - a scroll of summoning {unknown}
 k - a scroll of blinking {unknown}
 m - a scroll of enchant weapon {unknown}
 p - a scroll of amnesia {unknown}
Potions
 e - a potion of cancellation {unknown}
 g - a potion of flight
 j - a potion of heal wounds {unknown}
 l - a potion of attraction {unknown}
 n - a potion of magic {unknown}


   Skills:
 + Level 3.5 Fighting
 + Level 5.0 Ranged Weapons
 + Level 3.2 Dodging
 + Level 2.0 Stealth


You had 3 spell levels left.
You didn't know any spells.
Your spell library contained the following spells:

 Spells                   Type           Power      Damage    Failure   Level
 Sandblast                Erth           0%         2d4       52%         1
 Passwall                 Tmut/Erth      0%         N/A       67%         2
 Stone Arrow              Conj/Erth      0%         3d7       88%         3


Dungeon Overview and Level Annotations

Branches:
Dungeon (3/15)

Altars:

Annotations:
D:3 Terence


Innate Abilities, Weirdness & Mutations

You have a pair of horns on your head.
You reflexively headbutt those who attack you in melee.


Message History

Terence is moderately wounded.
You shoot an arrow. The arrow hits Terence.
Terence is heavily wounded.
You shoot an arrow. The arrow hits Terence.
Terence is severely wounded.
Terence drinks a potion.
Terence is healed!
You shoot an arrow. The arrow closely misses Terence.
The orc hits you with a +0 dagger. Terence misses you. You furiously retaliate!
You headbutt Terence, but do no damage. You shoot an arrow.
The arrow barely misses Terence.
The orc completely misses you. Terence hits you with a +0 flail!
You are too injured to fight recklessly!
You are too injured to fight recklessly!
You are too injured to fight recklessly!
You are too injured to fight recklessly!
Fire: a) +0 shortbow
Press: ? - help, Q - select action Shift-Dir - straight line, f/p - Terence
Aim: Terence, wielding a +0 flail and wearing a +0 scale mail (moderately wounded, 66% to hit)
You shoot an arrow.
The arrow hits Terence but does no damage.
Terence is moderately wounded.
The orc hits you with a +0 dagger.
* * * LOW HITPOINT WARNING * * *
Terence closely misses you. The orc hits you with a +0 dagger.
* * * LOW HITPOINT WARNING * * *
Terence hits you with a +0 flail.
* * * LOW HITPOINT WARNING * * *
Fire: a) +0 shortbow
Press: ? - help, Q - select action Shift-Dir - straight line, f/p - Terence
Aim: Terence, wielding a +0 flail and wearing a +0 scale mail (moderately wounded, 66% to hit)
You shoot an arrow. The arrow completely misses Terence.
The orc hits you with a +0 dagger.
* * * LOW HITPOINT WARNING * * *
Terence hits you with a +0 flail.
* * * LOW HITPOINT WARNING * * *
Unknown command.
It was a potion of flight.
You feel very buoyant.
You fly up into the air.
The orc hits you with a +0 dagger.
You die...

... ...
## #.#
..#.# #
.#.###.#
......##.
#.)......
#o# #@#
#..@#.#
......#
#..
......
### .....
#####


You could see Terence and an orc.

Vanquished Creatures
  An orc wizard (D:3)
  2 adders (D:2)
  A dart slug (D:1)
  2 orcs (D:3)
  7 endoplasms
  2 giant cockroaches (D:2)
  4 goblins (D:1)
  4 hobgoblins (D:1)
  5 jackals
  4 quokkas
  5 ball pythons
  6 bats
  3 frilled lizards
  A kobold (D:2)
  6 rats
53 creatures vanquished.

Notes
Turn   | Place    | Note
-------+----------+-------------------------------------------
     0 | D:1      | safid the Minotaur Hunter began the quest for the Orb.
     0 | D:1      | Reached XP level 1. HP: 18/18 MP: 0/0
   106 | D:1      | You fall into a shaft and drop 1 floor!
   130 | D:2      | Reached skill level 1 in Stealth
   158 | D:1      | Reached XP level 2. HP: 25/25 MP: 1/1
   290 | D:1      | Found a faded altar of an unknown god.
   490 | D:1      | Reached XP level 3. HP: 31/31 MP: 2/2
  1329 | D:2      | Reached XP level 4. HP: 38/38 MP: 3/3
  1554 | D:3      | Reached skill level 5 in Ranged Weapons
  1558 | D:3      | Noticed Terence
  1567 | D:3      | HP: 1/38 [Terence/+0 flail (2)]
  1568 | D:3      | Slain by an orc

Illustrated notes

Levels and vault maps discovered:
D:1:      nzn_arrival_crosshair, layout_basic, ebering_ecumenical_altar_box
D:2:      layout_loops_ring, dk_noncrumbling_2, chequers_serial_rivers_room_b
D:3:      layout_loops_ring, mainiacjoe_overflow_six_doors_small, corexii_shack,
          uniq_terence, uniq_sigmund

Skill      XL: |  1  2  3  4 |
---------------+-------------+-----
Stealth        | 1 2 |  2.0
Fighting       | 3 |  3.5
Dodging        | 3 |  3.2
Ranged Weapons | 5 |  5.0

Action                   |  1- 3 |  4- 6 || total
-------------------------+-------+-------++-------
 Fire: Shortbow          |    94 |    37 ||   131
  Use: Potion            |       |     1 ||     1
Armor: Leather armour    |     5 |     3 ||     8
Dodge: Dodged            |    20 |    13 ||    33
